 Dungeon Crawl Stone Soup version 0.24.0-28-g17ded55e90 (webtiles) character file.

Game seed: 13669785908741206653, levelgen mode: deterministic

3335 Curus the Cleaver (level 10, -1/77 HPs)
             Began as a Hill Orc Abyssal Knight on Nov 13, 2019.
             Was a High Priest of Lugonu.
             Slain by a killer bee (6 damage)
             ... on level 9 of the Dungeon.
             The game lasted 00:26:30 (7378 turns).

Curus the Cleaver (Hill Orc Abyssal Knight)         Turns: 7378, Time: 00:26:30

Health: -1/77      AC: 15    Str: 16    XL:     10   Next: 2%
Magic:  18/18      EV:  4    Int: 12    God:    Lugonu [*****.]
Gold:   612        SH:  0    Dex: 13    Spells: 9/9 levels left

rFire    . . .     SeeInvis +   u - +0 battleaxe
rCold    . . .     Gourm    .   (shield currently unavailable)
rNeg     . . .     Faith    .   n - +2 plate armour
rPois    .         Spirit   .   o - +0 helmet
rElec    .         Reflect  .   d - +0 cloak
rCorr    .         Harm     .   (no gloves)
MR       .....                  (no boots)
Stlth    ..........             f - amulet of regeneration
HPRegen  0.62/turn              t - ring of see invisible
MPRegen  0.16/turn              (no ring)

@: lethally poisoned (-1 -> -1), about to teleport
A: no striking features
a: Depart the Abyss, Bend Space, Banish, Corrupt, Enter the Abyss, Renounce
Religion


You were on level 9 of the Dungeon.
You worshipped Lugonu.
Lugonu was extremely pleased with you.
You were very hungry.

You visited 1 branch of the dungeon, and saw 9 of its levels.
You visited the Abyss 1 time.

You collected 612 gold pieces.

Inventory:

Hand Weapons
 a - a +1 hand axe
 j - a +2 hand axe of freezing
 k - a +1 war axe
 u - a +0 battleaxe (weapon)
Armour
 b - a +0 leather armour
 d - a +0 cloak (worn)
 e - a +0 chain mail
 g - a +0 buckler
 n - a +2 plate armour (worn)
 o - a +0 helmet (worn)
Jewellery
 f - an amulet of regeneration (around neck)
 q - an uncursed amulet of the gourmand
 t - a ring of see invisible (left hand)
Wands
 y - a wand of paralysis (3)
Scrolls
 h - 7 scrolls of remove curse
 l - 10 scrolls of identify
 m - 3 scrolls of teleportation
 p - a scroll of magic mapping
 r - 2 scrolls of amnesia
 z - a scroll of fog
Potions
 i - 4 potions of flight
 s - a potion of curing
 w - a potion of brilliance
Comestibles
 c - 24 rations


   Skills:
 - Level 3.6 Fighting
 * Level 13.7 Axes
 - Level 2.1 Armour
 - Level 0.7 Dodging
 - Level 11.3 Invocations


You had 9 spell levels left.
You didn't know any spells.
Your spell library contained the following spells:

 Spells                   Type           Power        Failure   Level  Hunger
 Confusing Touch          Hex            #.....       100%        1    ##.....
 Sandblast                Erth           #.....       100%        1    ##.....
 Passwall                 Tmut/Erth      #.......     100%        2    ###....
 Confuse                  Hex            #.......     100%        3    ####...
 Gell's Gravitas          Tloc           #.........   100%        3    ####...
 Stone Arrow              Conj/Erth      #.....       100%        3    ####...
 Petrify                  Tmut/Erth      #.......     100%        4    #####..
 Lee's Rapid Deconstruct  Erth           #.........   100%        5    ######.
 Metabolic Englaciation   Hex/Ice        #.........   100%        5    ######.
 Yara's Violent Unravell  Hex/Tmut       #.........   100%        5    ######.


Dungeon Overview and Level Annotations

Branches:
Dungeon (9/15)             Temple (0/1) D:6             Orc (0/2) D:9
   Lair: D:8-11

Altars:
Dithmenos
Elyvilon
Gozag
Hepliaklqana
Okawaru
Ru
Sif Muna
Trog
Wu Jian
Yredelemnul
The Shining One

Annotations:
Abyss:1 Grum, Menkaure


Message History

The killer bee stings you but does no damage.
Your plate armour prevents you from hitting the killer bee.
The killer bee is severely wounded.
The killer bee barely misses you. The killer bee completely misses you.
You miss the killer bee.
The killer bee is severely wounded.
The killer bee stings you.
* * * LOW HITPOINT WARNING * * *
You are poisoned.
The killer bee poisons you!
The killer bee stings you but does no damage.
As you read the scroll of teleportation, it crumbles to dust.
You feel strangely unstable.
You feel sick. The killer bee barely misses you. x2
You slash the killer bee!
You kill the killer bee!
Lugonu accepts your kill.
You feel sick.
The killer bee stings you but does no damage.
You closely miss the killer bee.
You feel sick. The killer bee stings you.
You die...

#........>.##..(.(...<.#
#####+#############'####
##...# ## ##..### ...
###>.###### ....
#.........# ....y
#......[..#
......#####.........#
......yy@...........#
......#####.........#
..... ########### ....
###


You could see 2 killer bees.

Vanquished Creatures
  Pikel (D:4)
  2 hippogriffs
  An orc warrior (D:7)
  4 ogres
  2 wolves (D:8)
  A centaur (D:7)
  A big kobold (D:9)
  A bullfrog (D:6)
  A wyvern zombie (D:7)
  8 killer bees
  A water moccasin skeleton (D:7)
  3 scorpions
  5 howler monkeys
  A crimson imp (D:5)
  A quasit (D:8)
  3 orc priests
  Crazy Yiuf (D:3)
  An iguana (D:8)
  6 orc wizards
  2 worker ants
  2 hound zombies (D:8)
  A hound skeleton (D:6)
  A worker ant zombie (D:7)
  Robin (D:3)
  6 adders
  2 shadow imps
  An ooze (D:4)
  An adder skeleton (D:8)
  4 worms
  A dart slug (D:2)
  2 leopard geckos
  25 orcs
  7 bats
  3 giant cockroaches
  17 goblins
  11 hobgoblins
  12 jackals
  5 quokkas
  2 frilled lizards
  A jackal zombie (D:8)
  7 kobolds
  A quokka skeleton (D:4)
  18 rats
177 creatures vanquished.

Vanquished Creatures (others)
  2 orc warriors (D:8)
2 creatures vanquished.

Grand Total: 179 creatures vanquished

Notes
Turn   | Place    | Note
-------+----------+-------------------------------------------
     0 | Abyss:1  | Curus the Hill Orc Abyssal Knight began the quest for the
                  | Orb.
     0 | Abyss:1  | Reached XP level 1. HP: 19/19 MP: 2/2
    18 | D:1      | Escaped the Abyss
    58 | D:1      | Reached skill level 3 in Axes
    64 | D:1      | Reached XP level 2. HP: 9/26 MP: 2/4
   648 | D:1      | Reached ** piety under Lugonu
   864 | D:1      | Reached XP level 3. HP: 30/31 MP: 5/5
  1141 | D:2      | Reached skill level 4 in Axes
  1272 | D:2      | Reached XP level 4. HP: 39/39 MP: 7/7
  1428 | D:2      | Found an opulent altar of Gozag.
  1844 | D:3      | Reached skill level 5 in Axes
  1847 | D:3      | Reached XP level 5. HP: 36/45 MP: 8/8
  1852 | D:3      | Reached *** piety under Lugonu
  1857 | D:3      | Reached skill level 5 in Invocations
  1897 | D:3      | Found a bloodstained altar of Trog.
  2032 | D:3      | Noticed Robin
  2071 | D:3      | Killed Robin
  2301 | D:3      | Found an iron altar of Okawaru.
  2301 | D:3      | Found a hazy altar of Hepliaklqana.
  2306 | D:3      | Found a faded altar of an unknown god.
  2308 | D:3      | Found an opulent altar of Gozag.
  2310 | D:3      | Found a glowing golden altar of the Shining One.
  2619 | D:3      | Found a runed translucent door.
  2620 | D:3      | Noticed Crazy Yiuf
  2828 | D:3      | Killed Crazy Yiuf
  2828 | D:3      | Reached skill level 6 in Axes
  2828 | D:3      | Reached XP level 6. HP: 16/51 MP: 10/10
  3123 | D:4      | Noticed Menkaure
  3133 | D:4      | Banished Menkaure
  3133 | D:4      | Reached skill level 7 in Axes
  3133 | D:4      | Reached XP level 7. HP: 22/57 MP: 10/12
  3229 | D:4      | Reached **** piety under Lugonu
  3271 | D:4      | Found a shadowy altar of Dithmenos.
  3392 | D:4      | Noticed a moth of wrath
  3395 | D:4      | Found a bloodstained altar of Trog.
  3529 | D:4      | Noticed Pikel
  3566 | D:4      | Killed Pikel
  3566 | D:4      | Reached skill level 8 in Axes
  3566 | D:4      | Reached XP level 8. HP: 35/64 MP: 12/14
  3767 | D:5      | Entered Level 5 of the Dungeon
  3799 | D:5      | Reached skill level 9 in Axes
  3905 | D:5      | Found a white marble altar of Elyvilon.
  4631 | D:6      | Found a staircase to the Ecumenical Temple.
  4632 | D:6      | Found a sacrificial altar of Ru.
  4793 | D:6      | Noticed a hippogriff
  4810 | D:6      | Killed a hippogriff
  4810 | D:6      | Reached skill level 10 in Axes
  5259 | D:7      | Reached XP level 9. HP: 70/70 MP: 16/16
  5267 | D:7      | Reached skill level 11 in Axes
  5325 | D:7      | Reached skill level 10 in Invocations
  5447 | D:7      | Found an iron altar of Okawaru.
  6373 | D:8      | Reached skill level 12 in Axes
  6422 | D:8      | Found a basalt altar of Yredelemnul.
  6499 | D:8      | Noticed Grum
  6515 | D:8      | Banished Grum
  6694 | D:8      | Reached skill level 13 in Axes
  7110 | D:8      | Found a shimmering blue altar of Sif Muna.
  7131 | D:8      | Found an ornate altar of the Wu Jian Council.
  7279 | D:9      | Reached ***** piety under Lugonu
  7318 | D:9      | Found a staircase to the Orcish Mines.
  7360 | D:9      | Reached XP level 10. HP: 28/77 MP: 18/18
  7378 | D:9      | Slain by a killer bee

Levels and vault maps discovered:
D:1:      lemuel_arrival_room, layout_loops_corners, minivault_26
D:2:      layout_loops_ring, first_ration, grunt_gozag_statues
D:3:      layout_basic, chequers_temple_overflow_minitemple,
          trog_butcher_becter, uniq_robin, uniq_crazy_yiuf_cottage
D:4:      layout_loops_ring, tgw_trog, grunt_dithmenos_smoke_and_mirrors,
          uniq_menkaure, uniq_pikel
D:5:      layout_loops_ring, kennysheep_mini_moat
D:6:      layout_basic, minmay_temple_entry_offerings, basic_altar,
          skrybe_limestone_x
D:7:      layout_gridville, kennysheep_okawaru_gauntlet
D:8:      layout_loops_corners, led_sif_pool, nicolae_overflow_hidden_temple,
          lemuel_tele_altar, uniq_grum
D:9:      layout_roguey, orc_0_dummy

Skill      XL: |  1  2  3  4  5  6  7  8  9 |
---------------+----------------------------+-----
Axes           | 3 4 5 6 7 8 10 13 | 13.7
Invocations    | 3 4 5 6 8 9 11 | 11.3
Fighting       | |  3.6
Armour         | |  2.1
Dodging        | |  0.7

Action                   |  1- 3 |  4- 6 |  7- 9 | 10-12 || total
-------------------------+-------+-------+-------+-------++-------
Melee: Hand axe          |   144 |    48 |       |       ||   192
       War axe           |       |   140 |   285 |       ||   425
       Battleaxe         |       |       |   184 |    16 ||   200
Invok: Banish            |       |       |     4 |       ||     4
  Use: Scroll            |     6 |     2 |     8 |     1 ||    17
       Potion            |     3 |     4 |     4 |     1 ||    12
  Eat: Chunk             |     1 |     4 |    10 |       ||    15
       Ration            |       |     1 |     1 |       ||     2
Armor: Leather armour    |    11 |       |       |       ||    11
       Chain mail        |    74 |    10 |       |       ||    84
       Plate armour      |       |   124 |   378 |    18 ||   520
Dodge: Dodged            |    52 |    31 |    89 |     8 ||   180
Block: Buckler           |     6 |    24 |    31 |       ||    61
